 Dungeon Crawl Stone Soup version 0.21-a0-91-ga5031da (webtiles) character file.

82 HAL9000 the Sneak (level 4, -1/23 HPs)
             Began as a Vine Stalker Assassin on June 28, 2017.
             Killed from afar by Ijyb (5 damage)
             ... with a wand of flame (?/48)
             ... on level 2 of the Dungeon.
             The game lasted 00:03:26 (2817 turns).

HAL9000 the Sneak (Vine Stalker Assassin)           Turns: 2817, Time: 00:03:27

Health: -1/23      AC:  3    Str: 15    XL:     4   Next: 43%
Magic:  0/5        EV: 11    Int: 11    God:
Gold:   54         SH:  0    Dex: 15    Spells: 3/3 levels left

rFire    . . .     SeeInvis .   a - +2 dagger
rCold    . . .     Gourm    .   (no shield)
rNeg     . . .     Faith    .   c - +0 robe
rPois    .         Spirit   +   (no helmet)
rElec    .         Reflect  .   d - +0 cloak
rCorr    .         Harm     .   (no gloves)
MR       .....                  (no boots)
Stlth    +++.......             (no amulet)
HPRegen  0.47/turn              (no ring)
MPRegen  0.09/turn              (no ring)

@: no status effects
A: fangs 2, regeneration 1, magic shield, antimagic bite, no potion heal 3, rot
immunity
a: no special abilities


You were on level 2 of the Dungeon.
You were hungry.

You visited 1 branch of the dungeon, and saw 3 of its levels.

You collected 54 gold pieces.

Inventory:

Hand Weapons
 a - a +2 dagger (weapon)
 b - a +0 blowgun
Missiles
 e - 5 poisoned needles
 f - 2 curare-tipped needles
Armour
 c - a +0 robe (worn)
 d - a +0 cloak (worn)
Jewellery
 u - an uncursed amulet of the gourmand {unknown}
Scrolls
 k - 2 scrolls of identify {unknown}
 l - 2 scrolls of enchant weapon {unknown}
 m - 3 scrolls of teleportation {unknown}
 n - a scroll of remove curse {unknown}
 o - a scroll of fear {unknown}
 q - a scroll of enchant armour {unknown}
 r - a scroll of amnesia {unknown}
Potions
 p - a potion of agility {unknown}
 t - a potion of mutation {unknown}
Comestibles
 g - 5 bread rations
 i - 2 royal jellies
 j - 3 fruits


   Skills:
 - Level 1.7 Fighting
 + Level 4.1 Short Blades
 - Level 1.7 Throwing
 - Level 0.7 Dodging
 - Level 4.8 Stealth


You had 3 spell levels left.
You didn't know any spells.

Dungeon Overview and Level Annotations

Branches:
Dungeon (3/15)

Altars:

Annotations:
D:2 Ijyb


Innate Abilities, Weirdness & Mutations

You have extremely sharp teeth.
Your natural rate of healing is unusually fast.
When hurt, damage is shared between your health and your magic reserves.
Your bite disrupts and absorbs the magic of your enemies.
Potions cannot restore your health.
You are immune to rotting.


Message History

You hit Ijyb but do no damage. You bite Ijyb, but do no damage.
Ijyb is lightly wounded.
Ijyb hits you but does no damage.
You hit Ijyb but do no damage. You bite Ijyb, but do no damage.
Ijyb is lightly wounded.
Ijyb screams, "Die!"
Ijyb closely misses you.
Unknown command.
Ijyb zaps a wand.
The puff of flame hits you!
You climb upwards.
There is a stone staircase leading down here.
Unknown command.
Ijyb screams, "It's all mine!"
Ijyb zaps a wand.
The puff of flame hits you!
* * * LOW HITPOINT WARNING * * *
Ijyb zaps a wand.
The puff of flame misses you.
Ijyb zaps a wand.
The puff of flame hits you!
* * * LOW HITPOINT WARNING * * *
Ijyb zaps a wand.
The puff of flame hits you!
You die...

#.#...........>#####
#.#.#########..##
#.#...........#.##
##.####.......###.#
#..# #.##.###.#.##
#.## #.##.# ##.## #.#
#.##.## ###
#<#####.#...##
#...@........##
#####...#.....#######
#...##...........
#...##....######.
#...##.#### #.
#...##.# #. #g..##.#
#. #....#.##########
#.#..#...........


You could see Ijyb.

Vanquished Creatures
  3 adders (D:2)
  2 oozes (D:1)
  A worm (D:2)
  A dart slug (D:2)
  3 leopard geckos (D:1)
  3 giant cockroaches
  A goblin (D:1)
  5 hobgoblins
  2 jackals (D:1)
  A ball python (D:1)
  7 bats
  5 frilled lizards
  4 kobolds
  4 rats
42 creatures vanquished.

Notes
Turn   | Place    | Note
-------+----------+-------------------------------------------
     0 | D:1      | HAL9000 the Vine Stalker Assassin began the quest for the Orb.
     0 | D:1      | Reached XP level 1. HP: 11/11 MP: 2/2
    33 | D:1      | Reached XP level 2. HP: 8/15 MP: 0/3
   737 | D:1      | Reached XP level 3. HP: 11/18 MP: 4/4
  2198 | D:2      | Gained mutation: Your natural rate of healing is unusually fast. [Vine Stalker growth]
  2198 | D:2      | Reached XP level 4. HP: 19/23 MP: 5/5
  2786 | D:3      | Noticed Ijyb
  2812 | D:2      | HP: 1/23 [Ijyb/wand of flame (?/48) (6)]
  2817 | D:2      | Killed from afar by Ijyb

Vault maps used:
D:1:      dpeg_arrival_tiny_a, serial_bayou, serial_bayou_ford_a,
          serial_bayou_pond_e, serial_bayou_pond_c, serial_bayou_shore_a,
          minmay_misc_feat_alley
D:2:      first_bread
D:3:      uniq_ijyb, uniq_terence, uniq_natasha

Skill      XL: |  1  2  3  4 |
---------------+-------------+-----
Short Blades   | 2 3 4 |  4.1
Fighting       | |  1.7
Throwing       | |  1.7
Dodging        | |  0.7
Stealth        | |  4.8

Action                   |  1- 3 |  4- 6 || total
-------------------------+-------+-------++-------
Melee: Dagger            |   101 |    33 ||   134
       Bite              |    19 |    10 ||    29
 Fire: Blowgun           |       |     3 ||     3
 Stab: Sleeping          |     6 |     2 ||     8
       Distracted        |       |     1 ||     1
  Eat: Chunk             |     4 |     1 ||     5
Armor: Robe              |    28 |     2 ||    30
Dodge: Dodged            |    61 |    10 ||    71
